 Dungeon Crawl Stone Soup version 0.24.0-125-gc4c63601f3 (webtiles) character file.

Game seed: 4683334044791949415, levelgen mode: deterministic

928 H0rd4k the Vandal (level 8, -1/57 HPs)
             Began as a Human Artificer on Feb 24, 2020.
             Slain by a sky beast (5 damage)
             ... on level 5 of the Dungeon.
             The game lasted 00:11:30 (4594 turns).

H0rd4k the Vandal (Human Artificer)                 Turns: 4594, Time: 00:11:31

Health: -1/57      AC:  3    Str: 12    XL:     8   Next: 32%
Magic:  11/11      EV: 13    Int: 12    God:
Gold:   301        SH:  0    Dex: 16    Spells: 7/7 levels left

rFire    . . .     SeeInvis .   l - +2 hunting sling (velocity)
rCold    . . .     Gourm    .   (no shield)
rNeg     . . .     Faith    .   b - +0 leather armour
rPois    .         Spirit   .   (no helmet)
rElec    .         Reflect  .   (no cloak)
rCorr    .         Harm     .   (no gloves)
MR       .....                  (no boots)
Stlth    ++........             (no amulet)
HPRegen  0.19/turn              (no ring)
MPRegen  0.12/turn              (no ring)

@: no status effects
A: blurry vision 1, wild magic 1
a: no special abilities


You were on level 5 of the Dungeon.
You were hungry.

You visited 1 branch of the dungeon, and saw 5 of its levels.
You also visited: Sewer.

You collected 301 gold pieces.

Inventory:

Hand Weapons
 a - a +0 short sword
 l - a +2 hunting sling of velocity (weapon)
 x - a +0 hand crossbow
Missiles
 u - 97 stones (quivered)
Armour
 b - a +0 leather armour (worn)
 r - a +2 pair of gloves
Jewellery
 s - an uncursed ring of protection from cold {unknown}
 A - a cursed ring of attention {unknown}
 C - an uncursed amulet of regeneration {unknown}
Wands
 c - a wand of flame (7)
 d - a wand of enslavement (14)
 e - a wand of random effects (28)
Scrolls
 h - 2 scrolls of amnesia {unknown}
 j - a scroll of teleportation {unknown}
 k - 6 scrolls of identify {unknown}
 m - a scroll of noise {unknown}
 o - 2 scrolls of blinking {unknown}
 p - a scroll of magic mapping {unknown}
 t - 3 scrolls of remove curse {unknown}
 v - a scroll of enchant weapon {unknown}
 y - a scroll of fog {unknown}
 z - a scroll of enchant armour {unknown}
 B - a scroll of fear {unknown}
Potions
 g - 3 potions of berserk rage
 i - a potion of heal wounds {unknown}
 n - 2 potions of experience {unknown}
 q - a potion of curing
 w - 3 potions of haste {unknown}
 D - a potion of ambrosia {unknown}
Comestibles
 f - 10 rations


   Skills:
 + Level 2.9 Fighting
 + Level 2.4 Short Blades
 + Level 5.9 Slings
 + Level 2.6 Armour
 + Level 3.3 Dodging
 + Level 1.7 Stealth
 + Level 4.3 Evocations


You had 7 spell levels left.
You didn't know any spells.
Your spell library contained the following spells:

 Spells                   Type           Power        Failure   Level  Hunger
 Corona                   Hex            #......      47%         1    ##.....
 Slow                     Hex            #.......     63%         2    ###....
 Inner Flame              Hex/Fire       #.......     83%         3    ####...
 Portal Projectile        Hex/Tloc       #.....       83%         3    ####...
 Cause Fear               Hex            #.........   99%         4    #####..
 Leda's Liquefaction      Hex/Erth       #.........   99%         4    #####..


Dungeon Overview and Level Annotations

Branches:
Dungeon (5/15)              Sewer (visited)
 Temple: D:4-7

Altars:
Ashenzari
Cheibriados
Hepliaklqana
Kikubaaqudgha
Nemelex Xobeh
Okawaru
Qazlal
Ru
Uskayaw
Vehumet
Xom
Yredelemnul
The Shining One

Annotations:
D:1 1 runed translucent door, exclusion: downstairs
D:4 exclusion: downstairs
D:5 1 runed translucent door, Crazy Yiuf


Innate Abilities, Weirdness & Mutations

Scrolls take you a little longer to read.
Your spells are a little harder to cast, but a little more powerful.


Message History

You shoot a stone. Something hits you but does no damage.
Firing (i - inventory)
u - 101 stones (quivered)
Press: ? - help, Shift-Dir - straight line You shoot a stone.
Something hits you. Something shocks you.
* * * LOW HITPOINT WARNING * * *
Firing (i - inventory)
u - 100 stones (quivered)
Press: ? - help, Shift-Dir - straight line You shoot a stone.
Firing (i - inventory)
u - 99 stones (quivered)
Press: ? - help, Shift-Dir - straight line You shoot a stone.
Something hits you.
* * * LOW HITPOINT WARNING * * *
Something shocks you.
* * * LOW HITPOINT WARNING * * *
Firing (i - inventory)
u - 98 stones (quivered)
Press: ? - help, Shift-Dir - straight line You shoot a stone.
Something hits you.
* * * LOW HITPOINT WARNING * * *
Something shocks you.
You die...

♣♣♣♣♣###..####...
##..## #.##
###########....###...
#.#....#........# ...
###.#.#.####......# #..
#.._..#...#....#.......
#.#.###.....#..........
#.#..##.†...#..........
#.....@..##............
##..#{##>.##...........
#....##...............
##(..##..........<....
##...##..............
##..##..............
#.............#....
#.............#....
#.............##...


There were no monsters in sight!

Vanquished Creatures
  A phantom (D:5)
  An ogre (D:2)
  2 bullfrogs
  A howler monkey (D:4)
  A bullfrog zombie (D:5)
  A jelly (D:2)
  2 hounds (D:4)
  Jessica (D:2)
  4 worker ants
  A killer bee zombie (D:5)
  8 adders
  11 gnolls
  A shadow imp (D:5)
  A white imp (D:4)
  2 adder skeletons (D:4)
  4 worms
  2 dart slugs
  4 leopard geckos
  8 orcs
  6 ball pythons
  5 bats
  14 giant cockroaches
  6 hobgoblins
  8 jackals
  A quokka (D:2)
  10 frilled lizards
  3 goblins
  2 goblin skeletons (D:4)
  A goblin zombie (D:4)
  A hobgoblin zombie (D:4)
  5 kobolds
  2 kobold skeletons (D:4)
  An orc skeleton (D:4)
  An orc zombie (D:4)
  11 rats
133 creatures vanquished.

Vanquished Creatures (collateral kills)
  A bat (D:2)
1 creature vanquished.

Grand Total: 134 creatures vanquished

Notes
Turn   | Place    | Note
-------+----------+-------------------------------------------
     0 | D:1      | H0rd4k the Human Artificer began the quest for the Orb.
     0 | D:1      | Reached XP level 1. HP: 15/15 MP: 3/3
     1 | D:1      | Found a runed translucent door.
   114 | D:1      | Reached XP level 2. HP: 16/21 MP: 4/4
   662 | D:2      | Noticed a bullfrog
   671 | D:2      | Killed a bullfrog
   671 | D:2      | Reached XP level 3. HP: 20/26 MP: 4/6
   671 | D:2      | Reached XP level 4. HP: 25/32 MP: 4/7
   972 | D:2      | Found a basalt altar of Yredelemnul.
  1027 | D:2      | Found a shimmering altar of Xom.
  1027 | D:2      | Noticed an ogre
  1199 | D:2      | Reached skill level 1 in Armour
  1209 | D:2      | Reached XP level 5. HP: 34/37 MP: 8/8
  1789 | D:2      | Killed an ogre
  1789 | D:2      | Reached skill level 1 in Slings
  1789 | D:2      | Reached XP level 6. HP: 25/44 MP: 9/9
  1879 | D:3      | Noticed Jessica
  1890 | D:2      | Reached skill level 2 in Slings
  1896 | D:2      | Killed Jessica
  1947 | D:3      | Found a sacrificial altar of Ru.
  1966 | D:3      | Found a snail-covered altar of Cheibriados.
  2055 | D:3      | Found a glowing drain.
  2082 | Sewer    | Entered a sewer
  2296 | Sewer    | Reached skill level 3 in Slings
  2296 | Sewer    | Reached XP level 7. HP: 42/50 MP: 10/10
  3021 | D:3      | Found a stormy altar of Qazlal.
  3048 | D:3      | Gained mutation: Scrolls take you a little longer to read.
                  | [potion of mutation]
  3048 | D:3      | Gained mutation: Your spells are a little harder to cast,
                  | but a little more powerful. [potion of mutation]
  3287 | D:4      | Reached skill level 4 in Slings
  3316 | D:4      | Found an ancient bone altar of Kikubaaqudgha.
  3426 | D:4      | Found a glowing golden altar of the Shining One.
  3985 | D:4      | Found an iron altar of Okawaru.
  4047 | D:5      | Entered Level 5 of the Dungeon
  4083 | D:4      | Reached XP level 8. HP: 37/57 MP: 11/11
  4086 | D:4      | Reached skill level 5 in Slings
  4258 | D:5      | Found a sparkling altar of Nemelex Xobeh.
  4415 | D:5      | Found a radiant altar of Vehumet.
  4417 | D:5      | Found a hazy altar of Hepliaklqana.
  4419 | D:5      | Found a hide-covered altar of Uskayaw.
  4492 | D:5      | Found a runed translucent door.
  4493 | D:5      | Noticed Crazy Yiuf
  4553 | D:5      | Found a shattered altar of Ashenzari.
  4594 | D:5      | Slain by a sky beast

Levels and vault maps discovered:
D:1:      dpeg_arrival_caged_fury, layout_loops_ring, minmay_indecisive_spiral
D:2:      layout_basic, xom_butterflies, lemuel_coloured_pillars_altar,
          first_ration, amethyst_killhole, cheibrodos_gnoll_hut
D:3:      layout_rooms, lemuel_crystal_altar, cheibriados_altar_1,
          nicolae_ru_awakened_eye, gup_sewer_entry_pipe, uniq_jessica
D:4:      layout_loops_ring, lemuel_doored_altar, nicolae_tso_besieged_by_evil,
          small_statue_intersection, okawaru_altar_gauntlet_db
D:5:      layout_cave_pools, nemelex_xobeh_ov_fountains_minmay,
          gammafunk_temple_overflow_forgotten, supply_closet_lemuel,
          ashenzari_altar_1, uniq_crazy_yiuf_cottage

Skill      XL: |  1  2  3  4  5  6  7  8 |
---------------+-------------------------+-----
Evocations     | 4 |  4.3
Armour         | 1 2 |  2.6
Short Blades   | 2 |  2.4
Slings         | 1 3 4 5 |  5.9
Fighting       | 2 |  2.9
Dodging        | 3 |  3.3
Stealth        | |  1.7

Action                   |  1- 3 |  4- 6 |  7- 9 || total
-------------------------+-------+-------+-------++-------
Melee: Short sword       |    40 |    61 |    35 ||   136
       Hunting sling     |       |       |     1 ||     1
 Fire: Hunting sling     |       |   112 |   276 ||   388
Evoke: Wand              |     5 |     5 |       ||    10
  Use: Potion            |       |       |     4 ||     4
 Stab: Sleeping          |     2 |     2 |       ||     4
  Eat: Chunk             |       |     4 |     7 ||    11
Armor: Leather armour    |    16 |    34 |    30 ||    80
Dodge: Dodged            |    40 |    68 |   115 ||   223
